 Dungeon Crawl Stone Soup version 0.26-a0-541-g3b3d21e777 (webtiles) character file.

Game seed: 13686804560358587621

574 MrRokkomies the Chiller (level 6, -1/49 HPs)
             Began as a Demigod Ice Elementalist on Aug 16, 2020.
             Killed from afar by an electric eel (9 damage)
             ... with a bolt of electricity
             ... on level 4 of the Dungeon.
             The game lasted 00:10:26 (3456 turns).

MrRokkomies the Chiller (Demigod Ice Elementalist)  Turns: 3456, Time: 00:10:27

Health: -1/49      AC:  8    Str: 11    XL:     6   Next: 87%
Magic:  13/13      EV: 14    Int: 23    God:
Gold:   139        SH:  0    Dex: 16    Spells: 4/11 levels left

rFire    + . .     SeeInvis +   a - +2 spear (vamp)
rCold    . . .     Faith    .   (no shield)
rNeg     . . .     Spirit   .   A - +2 leather armour {rF+}
rPois    .         Reflect  .   (no helmet)
rElec    .         Harm     .   (no cloak)
rCorr    .                      g - +0 pair of gloves
MR       .....                  h - +1 pair of boots
Stlth    ++........             q - amulet of magic regeneration
HPRegen  0.16/turn              c - ring of wizardry
MPRegen  0.38/turn              l - ring of see invisible

@: no status effects
A: high mp 1
a: no special abilities


You were on level 4 of the Dungeon.
You visited 1 branch of the dungeon, and saw 4 of its levels.

You collected 139 gold pieces.

Inventory:

Hand Weapons
 a - a +2 vampiric spear (weapon)
 b - a +0 hunting sling
 v - a +1 dagger of venom
Missiles
 j - 3 poisoned darts (quivered)
 p - 17 sling bullets
 u - 66 stones
 y - 8 javelins
Armour
 g - a +0 pair of gloves (worn)
 h - a +1 pair of boots (worn)
 A - a +2 leather armour of fire resistance (worn)
Jewellery
 c - a ring of wizardry (left hand)
 l - a ring of see invisible (right hand)
 q - an amulet of magic regeneration (around neck)
 t - an uncursed ring of fire
Wands
 d - a wand of flame (10)
Scrolls
 k - a scroll of amnesia
 s - a scroll of remove curse
Potions
 e - 3 potions of heal wounds {unknown}
 f - a potion of degeneration {unknown}
 i - a potion of flight {unknown}
 m - a potion of cancellation {unknown}
 n - 3 potions of berserk rage {unknown}
 r - 3 potions of might
 w - a potion of brilliance
 x - a potion of curing {unknown}
 z - a potion of lignification {unknown}


   Skills:
 + Level 2.3 Fighting
 * Level 4.3 Dodging
 - Level 1.7 Stealth
 + Level 3.1 Spellcasting
 * Level 5.5 Ice Magic


You had 4 spell levels left.
You knew the following spells:

 Your Spells              Type           Power        Failure   Level
a - Freeze                Ice            ####         1%          1
b - Frozen Ramparts       Ice            ####..       1%          3
c - Ozocubu's Armour      Ice            ####....     1%          3

Your spell library contained the following spells:

 Spells                   Type           Power        Failure   Level
 Beastly Appendage        Tmut           #.....       6%          1
 Wereblood                Tmut           #.......     9%          2
 Spider Form              Tmut/Pois      #.........   17%         3
 Hailstorm                Conj/Ice       ###.....     19%         4
 Ice Form                 Ice/Tmut       ###.....     19%         4
 Summon Ice Beast         Ice/Summ       ###.....     19%         4
 Blade Hands              Tmut           #.........   82%         5


Dungeon Overview and Level Annotations

Branches:
Dungeon (4/15)
 Temple: D:4-7


Innate Abilities, Weirdness & Mutations

You have an increased reservoir of magic. (+10% MP)


Message History

The electric eel shoots out a bolt of lightning at you!
The bolt of electricity hits you.
Unknown command.
The wall freezes the electric eel.
The electric eel seems to slow down.
You close the door.
Unknown command.
You start resting.
The frozen ramparts melt away.
You start resting.
The electric eel is no longer moving slowly.
You open the door.
The electric eel shoots out a bolt of lightning at you!
The bolt of electricity hits you! The bolt of electricity misses you.
The bolt of electricity hits the plant!
The electric eel shoots out a bolt of lightning at you!
The bolt of electricity hits you! x2
* * * LOW HITPOINT WARNING * * *
The electric eel shoots out a bolt of lightning at you!
The bolt of electricity hits you!
You die...

#.# ...##... # #..# #...
....# # #..## ##.. ....#
#### #....####..##
...###... ............#
...#.....
###########.####....####
≈≈≈≈≈≈;#P8#.#.....# #
≈P≈≈P..#..#.......#
≈P≈⌠≈..@.©#a....†.#
≈≈≈P≈..#..#.......# #
≈≈≈≈≈;;#P8#.##....## ##
###########.###....####.
............# #.........
..#....###### #.........
......# #..#.....#.
..... #.###....#. ###..
... ##...#.


You could see a worker ant and 3 electric eels.

Vanquished Creatures
  Duvessa (D:4)
  Blork the orc (D:4)
  Dowan (D:4)
  A scorpion (D:4)
  A howler monkey (D:4)
  An orc priest (D:2)
  An orc wizard (D:4)
  Robin (D:4)
  5 adders
  4 gnolls (D:4)
  A dart slug (D:2)
  2 worms
  A leopard gecko (D:2)
  9 orcs
  3 bats
  9 giant cockroaches
  15 goblins
  8 hobgoblins
  3 jackals (D:1)
  6 kobolds
  3 quokkas
  A ball python (D:3)
  7 frilled lizards
  A leopard gecko skeleton (D:4)
  13 rats
99 creatures vanquished.

Notes
Turn   | Place    | Note
-------+----------+-------------------------------------------
     0 | D:1      | MrRokkomies the Demigod Ice Elementalist began the quest
                  | for the Orb.
     0 | D:1      | Reached XP level 1. HP: 14/14 MP: 5/5
   324 | D:1      | Reached XP level 2. HP: 19/20 MP: 5/7
  1030 | D:2      | Reached skill level 4 in Ice Magic
  1030 | D:2      | Reached XP level 3. HP: 10/27 MP: 2/8
  1045 | D:2      | Learned a level 3 spell: Frozen Ramparts
  1429 | D:2      | Reached skill level 1 in Fighting
  1619 | D:2      | Reached XP level 4. HP: 35/35 MP: 10/10
  1917 | D:3      | Learned a level 3 spell: Ozocubu's Armour
  2549 | D:4      | Noticed Blork the orc
  2564 | D:4      | Killed Blork the orc
  2564 | D:4      | Reached XP level 5. HP: 33/40 MP: 9/11
  2796 | D:4      | Reached skill level 5 in Ice Magic
  2796 | D:4      | Reached XP level 6. HP: 39/48 MP: 10/13
  2828 | D:4      | Noticed Robin
  2837 | D:4      | Killed Robin
  3202 | D:4      | Noticed Duvessa
  3202 | D:4      | Noticed Dowan
  3210 | D:4      | Killed Duvessa
  3210 | D:4      | Killed Dowan
  3303 | D:4      | Found a transporter.
  3456 | D:4      | Killed from afar by an electric eel

Illustrated notes

Levels and vault maps discovered:
D:1:      lightli_arrival_noodles, layout_basic
D:2:      layout_loops_ring, minmay_pentomino_s2
D:3:      layout_basic, nrook_campfire
D:4:      gammafunk_steamed_eel, layout_layer_cave, grunt_decor_resistance,
          uniq_robin, uniq_duvessa, uniq_blork_the_orc

Skill      XL: |  1  2  3  4  5  6 |
---------------+-------------------+-----
Dodging        | 2 3 4 |  4.3
Spellcasting   | 2 3 |  3.1
Ice Magic      | 4 5 |  5.5
Fighting       | 1 2 |  2.3
Stealth        | |  1.7

Action                   |  1- 3 |  4- 6 || total
-------------------------+-------+-------++-------
Melee: Dagger            |    75 |       ||    75
       Unarmed           |     1 |       ||     1
       Spear             |     4 |   148 ||   152
Throw: Dart              |       |     3 ||     3
 Cast: Freeze            |    24 |       ||    24
       Frozen Ramparts   |     1 |    10 ||    11
       Ozocubu's Armour  |       |     2 ||     2
  Use: Scroll            |     1 |     6 ||     7
 Stab: Sleeping          |     3 |     6 ||     9
       Distracted        |       |     1 ||     1
Armor: Robe              |    25 |    14 ||    39
       Leather armour    |       |     4 ||     4
Dodge: Dodged            |    49 |    81 ||   130

Table legend: (Time is in decaauts)
 A = Elapsed time spent in this place.
 B = Non-inter-level travel time spent in this place.
 C = Inter-level travel time spent in this place.
 D = Time resting spent in this place.
 E = Time spent auto-exploring this place.
 F = Levels seen in this place.
 G = Mean time per level.
                   A        B        C        D        E       F      G
               +--------+--------+--------+--------+--------+-----+--------+
         Total |   3467 |   3384 |     83 |    607 |   2134 |   4 |  866.8 |
       Dungeon |   3467 |   3384 |     83 |    607 |   2134 |   4 |  866.8 |
               +--------+--------+--------+--------+--------+-----+--------+

Top non-repeatable levels by time:
     D:2: 1079 daAuts
     D:4: 913 daAuts
     D:1: 814 daAuts
     D:3: 660 daAuts
